 Dungeon Crawl Stone Soup version 0.30-a0-719-gcc4359ea44 (webtiles) character file.

Game seed: 10023727862653004600

12 Flugkiller the Sneak (level 2, -1/21 HPs)
             Began as an Octopode Delver on Jan 26, 2023.
             Slain by an orc
             ... wielding a +0 mace
              (7 damage)
             ... on level 4 of the Dungeon.
             The game lasted 00:00:44 (104 turns).

Flugkiller the Sneak (Octopode Delver)               Turns: 104, Time: 00:00:45

Health: -1/21      AC:  1    Str: 11    XL:     2   Next: 33%
Magic:  2/2        EV: 13    Int: 12    God:
Gold:   18         SH:  0    Dex: 13    Spells: 1/1 levels left

rFire   . . .      SeeInvis .    a - +0 short sword
rCold   . . .      Faith    .    (no shield)
rNeg    . . .      Spirit   .    (helmet restricted)
rPois   .          Reflect  .    (no amulet)
rElec   .          Harm     .    (no ring)
rCorr   .          Rampage  .    (no ring)
Will    .....                    (no ring)
Stlth   ++++                     (no ring)
HPRegen 0.23/turn                (no ring)
MPRegen 0.08/turn                (no ring)
                                 (no ring)
                                 (no ring)

@: no status effects
A: almost no armour, amphibious, 8 rings, camouflage 1, gelatinous body 1,
(nimble swimmer 1), tentacles
a: no special abilities


You were on level 4 of the Dungeon.
You visited 1 branch of the dungeon, and saw 2 of its levels.

You collected 18 gold pieces.

Inventory:

Hand Weapons
 a - a +0 short sword (weapon)
Wands
 f - a wand of digging (3)
Scrolls
 b - a scroll of fog
 c - a scroll of magic mapping
 d - a scroll of fear
 g - a scroll of butterflies {unknown}
Potions
 e - a potion of lignification {unknown}
 h - a potion of haste


   Skills:
 - Level 3.0 Fighting
 - Level 2.0 Short Blades
 + Level 2.9 Dodging
 - Level 6.6 Stealth


You had one spell level left.
You didn't know any spells.
Your spell library contained the following spells:

 Spells                   Type           Power      Damage    Failure   Level
 Summon Guardian Golem    Hex/Summ       0%         N/A       69%         3
 Orb of Destruction       Conj           0%         9d5       100%        7
 Spellforged Servitor     Conj/Summ      0%         N/A       100%        7


Dungeon Overview and Level Annotations

Branches:
Dungeon (5/15) Zot: 11896
 Temple: D:4-7

Altars:


Innate Abilities, Weirdness & Mutations

You cannot wear most types of armour.
You are amphibious.
You can wear up to eight rings at the same time.
Your skin changes colour to match your surroundings (Stealth+).
Your rubbery body absorbs attacks. (AC +1, EV +1)
((You are camouflaged when in or above water. (Stealth+)))
You have tentacles for arms and can constrict up to eight enemies at once.


Message History

Welcome, Flugkiller the Octopode Delver.
Below lies the Orb of Zot, rumoured to be powerful enough to resurrect a god...
Press ? for a list of commands and other information.
Found a stone staircase leading down.
Found a glowing blue potion.
Found a stone staircase leading up.
Found a scroll labelled BIOBIL OSIHAVA.
Found 13 gold pieces.
e - a glowing blue potion
g - a scroll labelled BIOBIL OSIHAVA An ufetubus comes into view.
Found a stone staircase leading down.
You see here 13 gold pieces.
You now have 13 gold pieces.
There is a stone staircase leading up here.
You climb upwards.
Found a robe, 15 gold pieces and a book of Dangerous Friends.
There is a stone staircase leading down here.
An iguana comes into view.
A hobgoblin comes into view.
Found 13 gold pieces.
The hobgoblin shouts!
An adder comes into view.
Found 5 gold pieces.
The helpless adder fails to defend itself.
You puncture the adder!
You kill the adder!
You have reached level 2!
The hobgoblin barely misses you.
You hit the hobgoblin. You grab the hobgoblin.
The hobgoblin is heavily wounded.
You constrict the hobgoblin. The hobgoblin barely misses you.
You hit the hobgoblin but do no damage.
The hobgoblin is severely wounded.
You constrict the hobgoblin. The hobgoblin closely misses you.
You hit the hobgoblin but do no damage.
The hobgoblin is severely wounded.
You constrict the hobgoblin. The hobgoblin barely misses you.
You hit the hobgoblin.
You kill the hobgoblin!
You see here an adder corpse.
You now have 18 gold pieces (gained 5).
You pick up a book of Dangerous Friends and begin reading...
You add the spells Summon Guardian Golem, Orb of Destruction and Spellforged Servitor to your library.
A goblin comes into view. It is wielding a +0 dagger.
A hobgoblin comes into view.
The hobgoblin shouts!
You hear a shout!
The hobgoblin hits you.
You hit the hobgoblin. You grab the hobgoblin. You squeeze the hobgoblin.
You kill the hobgoblin!
An orc comes into view. It is wielding a +0 mace.
Found a chain mail.
You hit the orc but do no damage. You grab the orc.
You constrict the orc, but do no damage.
The orc barely misses you.
You hit the orc but do no damage. You constrict the orc.
The orc hits you with a +0 mace.
You hit the orc but do no damage. You constrict the orc.
The orc hits you with a +0 mace.
You are too injured to fight recklessly!
You hit the orc but do no damage. You squeeze the orc, but do no damage.
The orc is moderately wounded.
You constrict the orc. The orc closely misses you.
You hit the orc but do no damage.
The orc is heavily wounded.
You constrict the orc, but do no damage.
You hit the orc but do no damage.
The orc is heavily wounded.
You constrict the orc, but do no damage.
The orc hits you with a +0 mace.
* * * LOW HITPOINT WARNING * * *
You hit the orc. Your squeeze misses the orc.
The orc is severely wounded.
You constrict the orc, but do no damage.
The orc misses you.
You hit the orc but do no damage. You squeeze the orc, but do no damage.
The orc is severely wounded.
You constrict the orc. The orc hits you with a +0 mace!
You die...

####.#.#########
g...............#
........#######.#
#####.### #.# #.
#.# #. #.# . #.#
# #.# #@# #o# ...
#...# .....
......[ .......
###...###


You could see an orc.

Vanquished Creatures
  An adder (D:4)
  2 hobgoblins (D:4)
3 creatures vanquished.

Notes
Turn   | Place    | Note
-------+----------+-------------------------------------------
     0 | D:5      | Flugkiller the Octopode Delver began the quest for the Orb.
     0 | D:5      | Reached XP level 1. HP: 16/16 MP: 1/1
    23 | D:4      | Noticed a jelly
    24 | D:4      | Noticed an iguana
    40 | D:4      | Reached XP level 2. HP: 21/21 MP: 2/2
   104 | D:4      | Slain by an orc

Illustrated notes

Levels and vault maps discovered:
D:4:      layout_loops_ring, mainiacjoe_overflow_concentric_impassable,
          chequers_serial_rivers_room_b
D:5:      layout_rooms, nicolae_hepliaklqana_monster_ancestors

Action                     || total
---------------------------++-------
  Melee: Short sword       ||    14
         Constrict         ||     3
         Tentacles         ||     3
   Stab: Sleeping          ||     1
  Dodge: Dodged            ||     7

Table legend: (Time is in decaauts)
 A = Elapsed time spent in this place.
 B = Non-inter-level travel time spent in this place.
 C = Inter-level travel time spent in this place.
 D = Time resting spent in this place.
 E = Time spent auto-exploring this place.
 F = Levels seen in this place.
 G = Mean time per level.
                   A        B        C        D        E       F      G
               +--------+--------+--------+--------+--------+-----+--------+
         Total |    102 |    102 |      0 |      0 |      0 |   2 |   51.0 |
       Dungeon |    102 |    102 |      0 |      0 |      0 |   2 |   51.0 |
               +--------+--------+--------+--------+--------+-----+--------+

Top non-repeatable levels by time:
     D:4: 79 daAuts
     D:5: 23 daAuts
